 Dungeon Crawl Stone Soup version 0.22-a0-565-gfc6459a (webtiles) character file.

86 iamserjio the Ruffian (level 4, -2/38 HPs)
             Began as a Draconian Skald on June 28, 2018.
             Slain by Terence
             ... wielding a +1 flail of holy wrath
              (6 damage)
             ... on level 3 of the Dungeon.
             The game lasted 00:05:22 (698 turns).

iamserjio the Ruffian (Draconian Skald)              Turns: 698, Time: 00:05:23

Health: -2/38      AC:  6    Str: 13    XL:     4   Next: 27%
Magic:  1/7        EV: 18    Int: 15    God:
Gold:   35         SH:  0    Dex: 15    Spells: 1/7 levels left

rFire    . . .     SeeInvis .   j - +0 quarterstaff
rCold    . . .     Gourm    .   (shield currently unavailable)
rNeg     . . .     Faith    .   (armour unavailable)
rPois    .         Spirit   .   (helmet restricted)
rElec    .         Reflect  .   c - +0 cloak
rCorr    .         Harm     .   (no gloves)
MR       .....                  (no boots)
Stlth    ++........             (no amulet)
HPRegen  0.12/turn              (no ring)
MPRegen  0.10/turn              (no ring)

@: agile, very slightly contaminated
A: unfitting armour, cold-blooded, AC +5
a: no special abilities


You were on level 3 of the Dungeon.
You were hungry.

You visited 1 branch of the dungeon, and saw 3 of its levels.

You collected 35 gold pieces.

Inventory:

Hand Weapons
 a - a +0 hand axe
 g - a +0 trident
 h - a +1 dagger of venom
 j - a +0 quarterstaff (weapon)
 k - a +0 blowgun
Missiles
 l - 16 poisoned needles
Armour
 c - a +0 cloak (worn)
Scrolls
 e - a scroll of fear {unknown}
 f - a scroll of teleportation {unknown}
 i - 2 scrolls of identify {unknown}
Comestibles
 b - 5 rations


   Skills:
 + Level 3.1 Fighting
 - Level 2.1 Dodging
 * Level 3.5 Unarmed Combat
 - Level 2.0 Spellcasting
 + Level 3.2 Charms


You had one spell level left.
You knew the following spells:

 Your Spells              Type           Power        Failure   Level  Hunger
a - Infusion              Chrm           ##..         6%          1    #......
b - Regeneration          Chrm/Necr      #.........   34%         3    ###....
c - Song of Slaying       Chrm           ##......     9%          2    ###....

Your spell library contained the following spells:

 Spells                   Type           Power        Failure   Level  Hunger
 Shroud of Golubria       Chrm/Tloc      #.........   17%         2    ###....
 Spectral Weapon          Hex/Chrm       #.......     34%         3    ###....


Dungeon Overview and Level Annotations

Branches:
Dungeon (3/15)

Altars:
Kikubaaqudgha

Annotations:
D:3 Terence


Innate Abilities, Weirdness & Mutations

Your plain brown scales are hard. (AC +5)
You cannot fit into any form of body armour.
You are cold-blooded and may be slowed by cold attacks.


Message History

* * * LOW HITPOINT WARNING * * *
Terence drinks a potion.
Terence is healed!
You hit Terence but do no damage.
Terence is moderately wounded.
The bat misses you. Terence completely misses you.
You closely miss Terence.
Your tail-slap misses Terence.
Terence is moderately wounded.
The bat hits you.
* * * LOW HITPOINT WARNING * * *
Terence barely misses you. x2
You hit Terence but do no damage.
Terence is moderately wounded.
The bat barely misses you.
Terence hits you with a flail of holy wrath.
* * * LOW HITPOINT WARNING * * *
You hit Terence.
Terence is heavily wounded.
The bat completely misses you.
Terence hits you with a flail of holy wrath.
You die...

#.#. #.#.##..≈
....#+#.#.##.#.##..≈
..................≈≈
..........##.#.##...
..........##.#....#.
#............###'##
#S#..b.............
#@#......>...#.....
#.@.....<##).#.....
###..)...#####.....
#####......# #.....
#.....†....# ##....
#.........## #####
#[.......(#
#.........#
#.........#
###########


You could see Terence, an adder and a bat.

Vanquished Creatures
  3 adders
  A worm (D:3)
  2 dart slugs
  A leopard gecko (D:2)
  5 orcs (D:3)
  2 giant cockroaches
  10 goblins
  A hobgoblin (D:2)
  5 kobolds
  6 bats
  3 frilled lizards
  8 rats
47 creatures vanquished.

Notes
Turn   | Place    | Note
-------+----------+-------------------------------------------
     0 | D:1      | iamserjio the Draconian Skald began the quest for the Orb.
     0 | D:1      | Reached XP level 1. HP: 17/17 MP: 3/3
   116 | D:2      | Reached XP level 2. HP: 24/25 MP: 5/5
   284 | D:1      | Reached XP level 3. HP: 25/30 MP: 6/6
   539 | D:2      | Learned a level 3 spell: Regeneration
   576 | D:3      | Learned a level 2 spell: Song of Slaying
   609 | D:3      | Reached XP level 4. HP: 5/38 MP: 2/7
   631 | D:3      | Found an ancient bone altar of Kikubaaqudgha.
   686 | D:3      | Noticed Terence
   698 | D:3      | Slain by Terence

Vault maps used:
D:1:      shiori_arrival_oz, chequers_big_river
D:2:      lemuel_doored_altar, first_ration, minmay_stone_trees_medium,
          kennysheep_generic_room_3
D:3:      kiku_gazebo_pond_becter, nicolae_overflow_crystal_walls, uniq_terence

Skill      XL: |  1  2  3 |
---------------+----------+-----
Charms         | 3 |  3.2
Unarmed Combat | 3 |  3.5
Fighting       | 3 |  3.1
Dodging        | |  2.1
Spellcasting   | |  2.0

Action                   |  1- 3 |  4- 6 || total
-------------------------+-------+-------++-------
Melee: Unarmed           |    12 |       ||    12
       Hand axe          |    46 |       ||    46
       Tailslap          |     8 |     7 ||    15
       Trident           |    44 |       ||    44
       Quarterstaff      |     6 |    32 ||    38
 Cast: Regeneration      |     3 |     1 ||     4
       Song of Slaying   |     1 |     1 ||     2
  Use: Potion            |     1 |     1 ||     2
 Stab: Sleeping          |       |     2 ||     2
Armor: Skin              |    53 |     3 ||    56
Dodge: Dodged            |    95 |    25 ||   120

Table legend:
 A = Spawn XP
 B = Non-spawn XP
 C = Spawn XP percentage of total XP
 D = Spawn monster count
 E = Non-spawn monster count
 F = Spawn count percentage of total count
 G = Total turns spent on level
                    A         B        C        D         E        F      G
               +---------+---------+-------+---------+---------+-------+---------
         Total |       0 |     124 |   0.0 |       0 |      47 |   0.0 |   698
               +---------+---------+-------+---------+---------+-------+---------
           D:1 |       0 |      28 |   0.0 |       0 |      18 |   0.0 |   279
           D:2 |       0 |      56 |   0.0 |       0 |      18 |   0.0 |   293
           D:3 |       0 |      40 |   0.0 |       0 |      11 |   0.0 |   126
               +---------+---------+-------+---------+---------+-------+---------
